[Event "GrandPrix_30.05"]
[Site "Chess.com"]
[Date "2020.05.30"]
[Round "5"]
[White "caspiwins"]
[Black "Flawless_Fighter"]
[Result "1-0"]
[WhiteElo "2277"]
[BlackElo "2137"]
[TimeControl "600+2"]
[EndTime "10:31:21 PDT"]
[Termination "caspiwins won by resignation"]

1. e4 e5 2. Nf3 Nc6 3. d4 exd4 4. Nxd4 Bb4+ 5. c3 Bc5 6. Be3 Bb6 7. Nf5 g6 8. Bxb6 axb6 9. Ne3 Nf6 10. f3 Qe7 11. c4 Qb4+ 12. Qd2 Qxd2+ 13. Kxd2 d6 14.
Nc3 Be6 15. Be2 Kd8 16. Rhd1 Nd7 17. a3 Nd4 18. Kd3 Ne5+ 19. Kd2 Nb3+ 20. Kc2 Nxa1+ 21. Rxa1 c6 22. f4 Nd7 23. f5 Ne5 24. fxe6 fxe6 25.
Ng4 Nd7 26. Rd1 Ke7 27. e5 d5 28. cxd5 exd5 29. Re1 Raf8 30. Bf3 h5 31. Nf2 Ke6 32. Nd3 g5 33. h3 Rfg8 34. Ne2 g4 35. Nef4+ Ke7 36.
Bd1 Rh6 37. h4 Rf8 38. g3 Rf5 39. b4 Nf8 40. Kc3 Ne6 41. Nxe6 Rxe6 42. Nf4 Rh6 43. Bc2 Rf7 44. Kd4 Rg7 45. Bf5 Rg8 46. Re3 Ra8 47. Bc2 Rg8 48. e6 Kd6 49. e7 c5+ 50. Kd3 Re8 51.
Ba4 Rxe7 52. Rxe7 Kxe7 53. Nxd5+ Kd6 54. Nxb6 cxb4 55. axb4 Rf6 56. Nc4+ Kd5 57. Ne3+ Ke5 58. Be8 Rf3 59. Bxh5 Rxg3 60. Ke2 Kf4 61. Nxg4 Rb3 62. Nf2 Rb2+ 63. Ke1 Kg3 64. Nd3 Rb1+ 65. Kd2 Kxh4 66. Bf3 b6 67. Bd5 Kg5 68. Kc3 Kf6 69. Kc4 Ke7 70. Kb5 Kd6 71. Bc4 Kc7 72. Nf4 Kb7 73. Nd5 Rb2 74. Bd3 Rb3 75. Be4 Ka7 76. Ne7 Re3 77. Nc6+ Kb7 78. Bd5 Kc7 79. Nd4 Rd3 80. Kc4 Rd1 81. Bf3 Rc1+ 82. Kb5 Rc3 83. Be4 Re3 84.
Bc2 Rc3 85. Bb3 Kb7 86. Bd5+ Kc7 87. Bc4 Kb7 88. Ne6 Rc1 89. Bd5+ Ka7 90. Bc4 Kb7 91.
Nf4 Ka7 92. Nd5 Rb1 93. Kc6 Rc1 94. Kb5 Rb1 95. Nc3 Rb2 96. Na4 Rb1 97. Ba2 Ra1 98. Bd5 Rb1 99. Be4 Re1 100. Nc3 Re3 101. Kc4 Re1 102.
Bc6 Rc1 103. Kb3 Re1 104. Bd5 Rc1 105. Ne2 Re1 106. Nd4 Rd1 107. Kc4 Rc1+ 108. Kb5 Rd1 109. Nc6+ Kb7 110. Bf3 Rf1 111. Nd4+ Ka7 112. Kc6 Rc1+ 113. Kd6 Rb1 114. Be4 Rd1 115. Ke5 Re1 116. b5 Re3 117. Kd5 Kb7 118. Bf3 Re1 119. Kd6+ Ka7 120. Kc7 Re7+ 121. Kd8 Rf7 122. Nc6+ Ka8 123. Ne5+ Rxf3 124. Nxf3 Kb7 125. Kd7 Kb8 126. Kc6 Ka7 127. Kc7 Ka8 128. Kxb6 Kb8 129. Ka6 Ka8 130. b6 Kb8 131. b7 1-0

[Event "GrandPrix_30.05"]
[Site "Chess.com"]
[Date "2020.05.30"]
[Round "6"]
[White "mishanick"]
[Black "BogdanDeac"]
[Result "1/2-1/2"]
[WhiteElo "2868"]
[BlackElo "2577"]
[TimeControl "600+2"]
[EndTime "10:37:12 PDT"]
[Termination "Game drawn by agreement"]

1. d4 Nf6 2. c4 e6 3. Nf3 d5 4.
Nc3 c6 5. Bg5 h6 6. Bh4 dxc4 7.
e4 g5 8. Bg3 b5 9. h4 g4 10. Ne5 Nbd7 11. Nxc6 Qb6 12. d5 Bb7 13. a4 a6 14. Be2 Bxc6 15. dxc6 Qxc6 16. axb5 axb5 17. Rxa8+ Qxa8 18. O-O Nxe4 19. Nxe4 Qxe4 20. Bxg4 Ne5 21. Bxe6 fxe6 22. Re1 Qg4 23. Bxe5 1/2-1/2

[Event "GrandPrix_30.05"]
[Site "Chess.com"]
[Date "2020.05.30"]
[Round "6"]
[White "Karateloru"]
[Black "ly4o"]
[Result "1-0"]
[WhiteElo "2184"]
[BlackElo "2019"]
[TimeControl "600+2"]
[EndTime "10:37:44 PDT"]
[Termination "Karateloru won by resignation"]

1. e4 c5 2. Nf3 Nc6 3. d4 cxd4 4. Nxd4 Qb6 5. Nb3 Nf6 6. Nc3 e6 7. Be3 Qc7 8. a3 a6 9. Bd3 b5 10. f4 d6 11. O-O Bb7 12. Qe2 Be7 13. Rae1 O-O 14.
Nd4 Nxd4 15. Bxd4 Rac8 16. e5 dxe5 17. fxe5 Bc5 18. exf6 Bxd4+ 19. Kh1 Bxf6 20. Bxh7+ Kxh7 21. Rxf6 gxf6 22. Qh5+ Kg7 23. Qg4+ Kh6 24. Re3 1-0

[Event "GrandPrix_30.05"]
[Site "Chess.com"]
[Date "2020.05.30"]
[Round "6"]
[White "rasmussvane"]
[Black "DrVelja"]
[Result "1-0"]
[WhiteElo "2465"]
[BlackElo "2255"]
[TimeControl "600+2"]
[EndTime "10:37:56 PDT"]
[Termination "rasmussvane won by resignation"]

1. Nf3 Nf6 2. g3 g6 3. Bg2 Bg7 4. O-O O-O 5. d4 d6 6. Re1 c5 7.
dxc5 dxc5 8. c3 Nc6 9. Qxd8 Rxd8 10. Be3 b6 11. Ne5 Nxe5 12. Bxa8 Nc4 13. Bc1 Bf5 14. Bg2 Ne4 15. g4 1-0

[Event "GrandPrix_30.05"]
[Site "Chess.com"]
[Date "2020.05.30"]
[Round "6"]
[White "nikosgal"]
[Black "PeshkaTheGreat"]
[Result "1-0"]
[WhiteElo "2284"]
[BlackElo "2137"]
[TimeControl "600+2"]
[EndTime "10:38:42 PDT"]
[Termination "nikosgal won by resignation"]

1. d4 d5 2. c4 c6 3. Nc3 Nf6 4.
cxd5 cxd5 5. Bf4 Nc6 6. e3 Ne4 7. Nxe4 dxe4 8. Ne2 e5 9. dxe5 Bb4+ 10. Nc3 Qa5 11. Qc2 Nxe5 12. Rc1 Bf5 13. Bxe5 Qxe5 14.
Qa4+ 1-0

[Event "GrandPrix_30.05"]
[Site "Chess.com"]
[Date "2020.05.30"]
[Round "6"]
[White "bsnsun"]
[Black "Saqo007"]
[Result "0-1"]
[WhiteElo "1914"]
[BlackElo "2138"]
[TimeControl "600+2"]
[EndTime "10:40:43 PDT"]
[Termination "Saqo007 won by resignation"]

1. Nf3 d5 2. g3 e6 3. c4 Nf6 4. Bg2 Be7 5. O-O O-O 6. d4 dxc4 7. Ne5 Nc6 8. Bxc6 bxc6 9. Nxc6 Qe8 10. Nxe7+ Qxe7 11. Qc2 e5 12. dxe5 Qxe5 13. Bf4 Qd5 14. Rd1 Qc6 15. Na3 Bh3 16. f3 Qc5+ 17. Kh1 Qf2 18. Rg1 Rfe8 19. Rae1 Bg2+ 20. Rxg2 Qxe1+ 21. Rg1 Qxe2 22. Qc3 Nd5 23. Qd2 Qxf3+ 24. Qg2 Qxg2+ 25.
Kxg2 Nxf4+ 26. gxf4 Re2+ 27. Kf3 Rxb2 28. Nxc4 Rxa2 29. f5 Rxh2 30. f6 g6 31. Ne5 Rh5 32.
Ng4 Kf8 33. Rc1 Rf5+ 34. Kg3 h5 35. Ne3 Rxf6 36. Rxc7 a5 37. Nd5 Re6 38. Nf4 Rd6 0-1

[Event "GrandPrix_30.05"]
[Site "Chess.com"]
[Date "2020.05.30"]
[Round "6"]
[White "Alex_Molchanov"]
[Black "AliKa2810"]
[Result "1-0"]
[WhiteElo "2041"]
[BlackElo "2064"]
[TimeControl "600+2"]
[EndTime "10:42:09 PDT"]
[Termination "Alex_Molchanov won by resignation"]

1. c4 Nf6 2. g3 e6 3. Bg2 d5 4. Nf3 dxc4 5. O-O a6 6. a4 Nc6 7. a5 Be7 8. Qa4 O-O 9. Qxc4 e5 10. d3 Be6 11. Qa4 Qd7 12. Nc3 Bh3 13. Bg5 Rad8 14. Rac1 Bxg2 15. Kxg2 Nd5 16. Bxe7 Qxe7 17. Ne4 Rde8 18.
Nc5 Nd8 19. Nd7 f5 20. Nxf8 Rxf8 21. Qc4 Qf7 22. Ng5 1-0

[Event "GrandPrix_30.05"]
[Site "Chess.com"]
[Date "2020.05.30"]
[Round "6"]
[White "Pash2015"]
[Black "Dolphin_2010"]
[Result "1-0"]
[WhiteElo "2220"]
[BlackElo "2077"]
[TimeControl "600+2"]
[EndTime "10:43:25 PDT"]
[Termination "Pash2015 won by resignation"]

1. e4 c6 2. d4 d5 3. exd5 cxd5 4.
Nf3 Bg4 5. c4 Bxf3 6. Qxf3 Nf6 7.
Nc3 e6 8. cxd5 Nxd5 9. Bc4 Bb4 10. O-O Bxc3 11. bxc3 O-O 12. Rb1 Qd7 13. Rd1 Rc8 14. Bb5 Qe7 15. c4 Nf6 16. Ba3 Qc7 17. d5 exd5 18.
cxd5 Nbd7 19. d6 Qa5 20. Bxd7 Nxd7 21. Rxb7 Ne5 22. Qb3 Re8 23. d7 Nf3+ 24. gxf3 Re1+ 25. Rxe1 Qxe1+ 26. Kg2 Rd8 27. Rb8 Qa5 28. Rxd8+ Qxd8 29. Qd5 1-0

[Event "GrandPrix_30.05"]
[Site "Chess.com"]
[Date "2020.05.30"]
[Round "6"]
[White "anesar92"]
[Black "AvitalBor"]
[Result "0-1"]
[WhiteElo "2401"]
[BlackElo "2650"]
[TimeControl "600+2"]
[EndTime "10:45:33 PDT"]
[Termination "AvitalBor won by resignation"]

1. e4 e5 2. Nf3 Nc6 3. Bb5 a6 4. Ba4 Nf6 5. O-O b5 6. Bb3 Bb7 7. d3 Be7 8. Nc3 O-O 9. Nd5 Na5 10. Nxe7+ Qxe7 11. Bg5 Nxb3 12. axb3 h6 13. Bh4 Qe6 14.
Re1 d6 15. b4 Nh7 16. d4 f5 17. dxe5 fxe4 18. exd6 Qg4 19. h3 Qh5 20. g4 Qg6 21.
Ne5 Qe6 22. Bg3 cxd6 23. Nf3 Qf6 24. Nd4 Ng5 25. Kh2 Qxd4 0-1

[Event "GrandPrix_30.05"]
[Site "Chess.com"]
[Date "2020.05.30"]
[Round "6"]
[White "BakaPG"]
[Black "VincentKeymer"]
[Result "0-1"]
[WhiteElo "2298"]
[BlackElo "2613"]
[TimeControl "600+2"]
[EndTime "10:45:45 PDT"]
[Termination "VincentKeymer won by resignation"]

1. e4 e6 2. d4 d5 3. e5 c5 4. c3 Nc6 5. Nf3 Qc7 6. a3 c4 7.
Be2 Nge7 8. O-O f6 9. exf6 gxf6 10. Re1 Ng6 11. Bf1 Bg7 12. b3 cxb3 13. Qxb3 O-O 14.
Nbd2 Na5 15. Qc2 e5 16. dxe5 fxe5 17. Nb3 Nc6 18. Qd1 Qf7 19. Be3 Bg4 20. Be2 Bxf3 21.
Bxf3 e4 22. Be2 Bxc3 23. Rf1 Bxa1 24. Qxa1 Nf4 25. Bg4 Qg6 26. Bxf4 Rxf4 27. Bh3 Raf8 28. Nc5 R8f6 29. g3 e3 30. Be6+ Rxe6 31. Nxe6 exf2+ 0-1

[Event "GrandPrix_30.05"]
[Site "Chess.com"]
[Date "2020.05.30"]
[Round "6"]
[White "Micki-taryan"]
[Black "v-kazakouski"]
[Result "1-0"]
[WhiteElo "2518"]
[BlackElo "2374"]
[TimeControl "600+2"]
[EndTime "10:46:14 PDT"]
[Termination "Micki-taryan won by resignation"]

1. d4 Nf6 2. Nf3 e6 3. c4 d5 4. Nc3 Bb4 5. Bg5 h6 6. Bxf6 Qxf6 7. Qa4+ Nc6 8. e3 O-O 9. Be2 Rd8 10. O-O a6 11.
Qb3 dxc4 12. Qxc4 Bf8 13. Rac1 Rb8 14. a3 Bd7 15. Ne4 Qf5 16. Nc5 Be8 17. Bd3 Qh5 18. Be4 Rd6 19. b4 Kh8 20. Bb1 Rdd8 21. Qc2 g6 22. Rfd1 Bg7 23. Qe2 Na7 24. Be4 c6 25. a4 Nc8 26. Bd3 Nd6 27. h3 Ra8 28. Qf1 a5 29. e4 f5 30. e5 1-0

[Event "GrandPrix_30.05"]
[Site "Chess.com"]
[Date "2020.05.30"]
[Round "6"]
[White "ArnaudovP"]
[Black "WoodlandMagic"]
[Result "1-0"]
[WhiteElo "2270"]
[BlackElo "2108"]
[TimeControl "600+2"]
[EndTime "10:46:20 PDT"]
[Termination "ArnaudovP won by checkmate"]

1. Nf3 Nf6 2. c4 c6 3. d4 d5 4. Nc3 dxc4 5. e4 b5 6. e5 Nd5 7. a4 e6 8. Be2 Bb7 9. O-O a6 10. Ne4 h6 11. Bd2 Nd7 12. b3 cxb3 13. Qxb3 Be7 14.
Rfc1 O-O 15. Ne1 f5 16. exf6 N7xf6 17. Qh3 Nxe4 18. Qxe6+ Kh8 19. Qxe4 Nf6 20. Qg6 Qxd4 21. Nf3 Qe4 22. Bd3 Qxg6 23. Bxg6 c5 24. Ne5 Kg8 25. Bf5 Ne4 26. Ng6 Nxd2 27. Nxe7+ Kf7 28. Re1 Kf6 29.
Re6+ Kg5 30. Rg6+ Kf4 31. Re1 Rxf5 32. g3+ Kf3 33. Re3# 1-0

[Event "GrandPrix_30.05"]
[Site "Chess.com"]
[Date "2020.05.30"]
[Round "6"]
[White "DariaVoit"]
[Black "aleksandrovaleksei"]
[Result "0-1"]
[WhiteElo "2379"]
[BlackElo "2589"]
[TimeControl "600+2"]
[EndTime "10:46:50 PDT"]
[Termination "aleksandrovaleksei won by resignation"]

1. d4 Nf6 2. Nf3 d5 3. c4 e6 4. g3 dxc4 5. Bg2 Nc6 6. Qa4 Bb4+ 7. Bd2 Bd6 8. Qxc4 O-O 9. O-O e5 10. d5 Ne7 11. e4 h6 12. Nc3 a6 13. a4 c6 14. Be3 cxd5 15. exd5 Nf5 16. Bc5 Qc7 17.
b4 b6 18. Nxe5 bxc5 19. bxc5 Bxe5 20. d6 Nxd6 21. Qd3 Nb7 0-1

[Event "GrandPrix_30.05"]
[Site "Chess.com"]
[Date "2020.05.30"]
[Round "6"]
[White "PresidenteMNE"]
[Black "dosto07"]
[Result "1-0"]
[WhiteElo "2104"]
[BlackElo "1795"]
[TimeControl "600+2"]
[EndTime "10:46:50 PDT"]
[Termination "PresidenteMNE won by resignation"]

1. d4 d5 2. Nc3 Nf6 3. Bg5 Bf5 4.
f3 c6 5. e3 Nbd7 6. g4 Bg6 7.
h4 h6 8. Bf4 e6 9. Qd2 Qa5 10.
Nge2 O-O-O 11. a3 c5 12. Nc1 cxd4 13. exd4 Bb4 14. axb4 Qxa1 15. Nb5 Nb6 16. Qc3+ Kd7 17. Qc7+ Ke8 18. Nd6+ Rxd6 19. Qxd6 Nfd7 20. Bb5 a6 21. Qb8+ Ke7 22. Bd6+ Kf6 23. g5+ hxg5 24. hxg5+ Kxg5 25. Be7+ Nf6 26. Qg3+ 1-0

[Event "GrandPrix_30.05"]
[Site "Chess.com"]
[Date "2020.05.30"]
[Round "6"]
[White "2346PL"]
[Black "Sporty207"]
[Result "1/2-1/2"]
[WhiteElo "2092"]
[BlackElo "2200"]
[TimeControl "600+2"]
[EndTime "10:47:00 PDT"]
[Termination "Game drawn by agreement"]

1. d4 d5 2. Nf3 Nf6 3. c3 c5 4.
Bf4 Nc6 5. e3 Qb6 6. Qc1 Nh5 7.
Bg3 Bf5 8. Nbd2 Nxg3 9. hxg3 h6 10. Be2 e6 11. O-O Rc8 12. Nb3 c4 13. Nbd2 Qd8 14. e4 dxe4 15. Ne1 b5 16. a4 a6 17. axb5 axb5 18.
Nc2 Be7 19. b3 cxb3 20. Nxb3 b4 21. c4 O-O 22. Rd1 Bg5 23. Qb2 Qc7 24. Ra4 Rfd8 25. Nxb4 e3 26. f4 Bf6 27. Nxc6 Qxc6 28. Rb4 Rb8 29.
Rxb8 Rxb8 30. Qc3 Be4 31. Qxe3 Bc2 1/2-1/2

[Event "GrandPrix_30.05"]
[Site "Chess.com"]
[Date "2020.05.30"]
[Round "6"]
[White "troisi"]
[Black "Paulz64"]
[Result "0-1"]
[WhiteElo "1701"]
[BlackElo "2219"]
[TimeControl "600+2"]
[EndTime "10:47:11 PDT"]
[Termination "Paulz64 won by resignation"]

1. e4 c5 2. c3 Nf6 3. e5 Nd5 4. d4 cxd4 5. cxd4 d6 6. Nf3 Nc6 7. Bc4 e6 8. Qe2 Be7 9. O-O O-O 10. Bxd5 exd5 11. Nc3 dxe5 12. dxe5 d4 13. Rd1 Bg4 14. Bf4 Qa5 15. Nb5 Bxf3 16. gxf3 Rad8 17. Nd6 Bxd6 18. exd6 Rfe8 19. Qd3 Re6 20. a3 Qd5 21. Re1 Ne5 22. Qe4 Nxf3+ 23. Qxf3 Qxf3 24. Bg3 h5 25. Rxe6 fxe6 0-1

[Event "GrandPrix_30.05"]
[Site "Chess.com"]
[Date "2020.05.30"]
[Round "6"]
[White "StephenDedalus83"]
[Black "Vuk2000"]
[Result "0-1"]
[WhiteElo "2058"]
[BlackElo "2214"]
[TimeControl "600+2"]
[EndTime "10:47:12 PDT"]
[Termination "Vuk2000 won by resignation"]

1. e4 e6 2. d4 d5 3. Nc3 Bb4 4. e5 c5 5. a3 Bxc3+ 6. bxc3 Ne7 7. Qg4 Qc7 8. Bd3 c4 9. Be2 Nf5 10. Nf3 Nc6 11. Nh4 Nce7 12. Nxf5 Nxf5 13. h4 Bd7 14. h5 Ba4 15. Ra2 h6 16. Qh3 a5 17. g4 Ne7 18.
f4 Qd7 19. O-O g6 20. Rb2 Bc6 21. Bd2 O-O-O 22. Kh2 Rdf8 23. Be1 Qe8 24. Bg3 gxh5 25. Qxh5 f5 26. Qxe8+ Rxe8 27. Bh4 Ng6 28. Bf6 Rhg8 29. gxf5 exf5 30. Bh5 Ref8 31. Rf2 Kd7 32. Rb1 Ne7 33. Rg1 Rxg1 34. Kxg1 Rg8+ 35. Kf1 Ke6 36. Rg2 Rxg2 37. Kxg2 Nc8 38. Bd8 b6 39. Kg3 Ba4 40. Bd1 Kd7 41. Bf6 Na7 42. Kh4 Nb5 43. Kh5 Nxc3 44. Bf3 Bxc2 45. Kg6 Ke6 46. Kg7 Bd1 0-1

[Event "GrandPrix_30.05"]
[Site "Chess.com"]
[Date "2020.05.30"]
[Round "6"]
[White "PotapovaM"]
[Black "Keks2017"]
[Result "1/2-1/2"]
[WhiteElo "2204"]
[BlackElo "2345"]
[TimeControl "600+2"]
[EndTime "10:47:38 PDT"]
[Termination "Game drawn by agreement"]

1. d4 d6 2. e4 Nf6 3. Nc3 g6 4. Bg5 Bg7 5. e5 Nfd7 6. exd6 cxd6 7. Qd2 Nf6 8. Nf3 O-O 9. Be2 Nc6 10. O-O Bf5 11.
Rfe1 Re8 12. h3 Rc8 13. a3 a6 14. Bd3 Bxd3 15. Qxd3 Na5 16. b3 Qc7 17. Bxf6 Qxc3 18. Qxc3 Rxc3 19. Bxe7 Rxc2 20. Bxd6 Rxe1+ 21. Rxe1 h6 22. Re8+ Kh7 23. Re7 Kg8 24. Ne5 Nxb3 25. d5 1/2-1/2

[Event "GrandPrix_30.05"]
[Site "Chess.com"]
[Date "2020.05.30"]
[Round "6"]
[White "vpantev"]
[Black "jacky72"]
[Result "0-1"]
[WhiteElo "2538"]
[BlackElo "2378"]
[TimeControl "600+2"]
[EndTime "10:47:59 PDT"]
[Termination "jacky72 won by resignation"]

1. d4 Nf6 2. Nf3 d5 3. c4 c6 4.
Qb3 g6 5. Bf4 Bg7 6. e3 O-O 7.
Nc3 a6 8. a4 Qa5 9. Be2 dxc4 10. Bxc4 b5 11. Be2 Be6 12. Qc2 b4 13. Nb1 Nd5 14.
Be5 f6 15. Bg3 Bf5 16. e4 b3+ 17. Qd2 Nb4 18. Bc4+ Kh8 19. exf5 Nc2+ 20. Ke2 Qxf5 21. Nc3 Nxa1 22. Rxa1 e5 23. dxe5 fxe5 24. Ng5 Qg4+ 25. Ke1 Qxc4 26. Rd1 Ra7 27. Qe3 Re7 28. h4 Nd7 29. h5 Nf6 30. hxg6 hxg6 31. f3 Nh5 32. Bh2 Qh4+ 0-1

[Event "GrandPrix_30.05"]
[Site "Chess.com"]
[Date "2020.05.30"]
[Round "6"]
[White "rusuvlad95"]
[Black "vagpat"]
[Result "1-0"]
[WhiteElo "2121"]
[BlackElo "2200"]
[TimeControl "600+2"]
[EndTime "10:48:02 PDT"]
[Termination "rusuvlad95 won by resignation"]

1. e4 c5 2. Nf3 d6 3. d4 cxd4 4. Nxd4 Nf6 5. Nc3 e6 6. g3 a6 7.
Bg2 Qc7 8. O-O Be7 9. Kh1 O-O 10. a4 Nc6 11. f4 Bd7 12. Nb3 Rac8 13. Qe2 Nb4 14. Be3 Qc4 15. Qd1 d5 16. Nd2 Qc7 17. e5 Ne8 18. a5 f6 19. Bb6 Qb8 20. Nf3 Nc6 21. Nxd5 exd5 22. Qxd5+ Rf7 23. Qxd7 Bc5 24. Qe6 Bxb6 25. axb6 h6 26. Rad1 Kf8 27. Nh4 Ne7 28. Rd7 1-0

[Event "GrandPrix_30.05"]
[Site "Chess.com"]
[Date "2020.05.30"]
[Round "6"]
[White "Meri-Arabidze"]
[Black "Matibar"]
[Result "1/2-1/2"]
[WhiteElo "2304"]
[BlackElo "2605"]
[TimeControl "600+2"]
[EndTime "10:48:04 PDT"]
[Termination "Game drawn by agreement"]

1. d4 f5 2. e4 fxe4 3. Nc3 Nf6 4. Bg5 c6 5. Qe2 d5 6. f3 Bf5 7. O-O-O Nbd7 8. Kb1 e6 9. fxe4 dxe4 10. h3 Bb4 11. g4 Bxc3 12. Qc4 Nb6 13. Qxc3 Bg6 14. Ne2 Nfd5 15. Bxd8 Nxc3+ 16. Nxc3 Rxd8 17. Bg2 Nd5 18. Rhe1 e3 1/2-1/2

[Event "GrandPrix_30.05"]
[Site "Chess.com"]
[Date "2020.05.30"]
[Round "6"]
[White "switlave"]
[Black "weplaychess09"]
[Result "1-0"]
[WhiteElo "2261"]
[BlackElo "2081"]
[TimeControl "600+2"]
[EndTime "10:48:11 PDT"]
[Termination "switlave won by checkmate"]

1. d4 Nf6 2. Bf4 e6 3. e3 d5 4. Nf3 Bd6 5. Bg3 O-O 6. Nbd2 c5 7. c3 Qc7 8. Bxd6 Qxd6 9. Ne5 Nbd7 10.
f4 b6 11. Bd3 a5 12. Qe2 Bb7 13. a4 Ne4 14. Nxe4 dxe4 15. Bb5 Nf6 16. Rd1 Rfd8 17. O-O Rac8 18. f5 exf5 19. Rxf5 Qe6 20. Rdf1 Rd5 21.
Bc4 cxd4 22. Bxd5 Bxd5 23. exd4 Rc7 24. h3 h6 25. Qe3 Bb3 26. Qg3 Kh7 27. Qh4 Ng8 28.
Qxe4 Kh8 29. Nxf7+ Rxf7 30. Qxe6 Bxe6 31. Rxf7 Bxf7 32.
Rxf7 Nf6 33. Rxf6 gxf6 34. Kf2 Kg7 35. Kf3 f5 36. Kf4 Kf6 37. d5 h5 38. h4 Kg6 39.
Ke5 Kf7 40. Kxf5 Ke7 41. g4 hxg4 42. Kxg4 Kd6 43. h5 Kxd5 44. h6 Kc4 45. h7 Kb3 46. h8=Q Kxb2 47. Qf6 Kb3 48. Qxb6+ Kxa4 49. c4 Ka3 50. c5 a4 51. c6 Ka2 52. c7 a3 53.
c8=Q Ka1 54. Qc2 a2 55. Qc1# 1-0

[Event "GrandPrix_30.05"]
[Site "Chess.com"]
[Date "2020.05.30"]
[Round "6"]
[White "payto1"]
[Black "DanielDardha2005"]
[Result "1/2-1/2"]
[WhiteElo "2188"]
[BlackElo "2328"]
[TimeControl "600+2"]
[EndTime "10:48:18 PDT"]
[Termination "Game drawn by agreement"]

1. d4 e6 2. c4 Nf6 3. Nc3 Bb4 4.
e3 O-O 5. Bd3 c5 6. Ne2 cxd4 7.
exd4 d5 8. cxd5 Nxd5 9. O-O Nc6 10. Nxd5 Qxd5 11. a3 Be7 12. Qc2 h6 13. Rd1 Rd8 14.
Bh7+ Kh8 15. Be4 Qd7 16. Bf4 Qe8 17. Rac1 Bd7 18. Qb3 Na5 19. Qe3 f5 20. Bf3 Rdc8 21. Be5 Kh7 22. Nf4 Rxc1 23. Rxc1 Rc8 24. Bh5 Rxc1+ 25.
Qxc1 Qc8 26. Qxc8 Bxc8 27. Bf7 Nc4 28. b3 Nxe5 29. dxe5 Bxa3 30. Bxe6 1/2-1/2

[Event "GrandPrix_30.05"]
[Site "Chess.com"]
[Date "2020.05.30"]
[Round "6"]
[White "KacperKacprzak"]
[Black "Grebnev_A"]
[Result "0-1"]
[WhiteElo "2063"]
[BlackElo "2203"]
[TimeControl "600+2"]
[EndTime "10:48:50 PDT"]
[Termination "Grebnev_A won by checkmate"]

1. e4 e6 2. d4 d5 3. Nc3 Bb4 4. e5 c5 5. a3 Bxc3+ 6. bxc3 Ne7 7.
Qg4 Qc7 8. Qxg7 Rg8 9. Qxh7 cxd4 10. Ne2 Nbc6 11. f4 dxc3 12. Be3 Bd7 13. Qd3 O-O-O 14. Nd4 Nxd4 15. Bxd4 Nf5 16. g3 Bb5 17. Qxc3 Nxd4 18. Qxd4 Bxf1 19. Rxf1 Kb8 20. Rf2 Rc8 21. Rb1 Qd7 22.
Rb4 Rc7 23. Kd1 Rgc8 24. h4 Qc6 25. Rb3 Qa6 26. h5 Rxc2 27. Rxc2 Qf1+ 28. Kd2 Qg2+ 29. Ke3 Qxg3+ 30. Kd2 Qg2+ 31. Ke3 Qxc2 32. Qb4 d4+ 33.
Kxd4 Qf2+ 34. Ke4 Qe2+ 35. Kd4 Rd8+ 36. Kc5 Rd5# 0-1

[Event "GrandPrix_30.05"]
[Site "Chess.com"]
[Date "2020.05.30"]
[Round "6"]
[White "DenisQ"]
[Black "zuagroasta"]
[Result "1-0"]
[WhiteElo "2208"]
[BlackElo "1975"]
[TimeControl "600+2"]
[EndTime "10:48:58 PDT"]
[Termination "DenisQ won by resignation"]

1. c4 e6 2. Nf3 d5 3. d4 Nf6 4. Nc3 Bb4 5. cxd5 exd5 6. Bg5 h6 7. Bxf6 Qxf6 8. e3 c6 9. Be2 O-O 10. O-O Bd6 11. a3 Bf5 12. b4 a6 13. Na4 a5 14.
b5 Nd7 15. Qb3 Be4 16. Rfc1 c5 17. dxc5 Nxc5 18. Nxc5 Bxc5 19. Qc3 Qxc3 20. Rxc3 Bb6 21. a4 Rac8 22. Rac1 Rxc3 23. Rxc3 Re8 24. Kf1 Re7 25. Bd3 Bxf3 26. Rc8+ 1-0

[Event "GrandPrix_30.05"]
[Site "Chess.com"]
[Date "2020.05.30"]
[Round "6"]
[White "PlayChessSimple"]
[Black "fm_magua"]
[Result "1-0"]
[WhiteElo "2182"]
[BlackElo "1895"]
[TimeControl "600+2"]
[EndTime "10:49:08 PDT"]
[Termination "PlayChessSimple won by resignation"]

1. e4 c5 2. Nf3 Nc6 3. c3 Nf6 4. e5 Nd5 5. Bc4 Nb6 6. Bb3 c4 7. Bc2 Qc7 8. O-O Nxe5 9. Nxe5 Qxe5 10. a4 Qc7 11. d3 cxd3 12. Qxd3 e6 13. Na3 a6 14. a5 Nd5 15. Re1 Be7 16. Nc4 b5 17. axb6 Nxb6 18. Nxb6 Qxb6 19. Be3 Qc7 20. Ra4 Bb7 21.
Rg4 g6 22. Bd4 f6 23. Qh3 Kf7 24. Rh4 h5 25. Bb3 Qc6 26. Rhe4 Qxe4 27. Rxe4 Bxe4 28. Qe3 Bc6 29. Bc2 Rab8 30. b4 Rhg8 31. h3 Bd6 32. Bc5 Bxc5 33. Qxc5 Rb5 34. Qa7 Ra8 35.
Qe3 a5 36. Qh6 Rg8 37. Qh7+ Rg7 38. Bxg6+ 1-0

[Event "GrandPrix_30.05"]
[Site "Chess.com"]
[Date "2020.05.30"]
[Round "6"]
[White "Malysch"]
[Black "Sakkcapak"]
[Result "1-0"]
[WhiteElo "2296"]
[BlackElo "2143"]
[TimeControl "600+2"]
[EndTime "10:49:20 PDT"]
[Termination "Malysch won by resignation"]

1. d4 Nf6 2. c4 g6 3. g3 Bg7 4. Bg2 O-O 5. Nf3 d6 6. O-O Nc6 7. Nc3 a6 8. Bf4 Rb8 9. Rc1 h6 10. h3 g5 11. Be3 Bf5 12. d5 Na5 13. Nd4 Bg6 14. b3 Qd7 15. Qd2 c5 16. dxc6 Nxc6 17.
Rfd1 Rfd8 18. Na4 Nxd4 19. Bxd4 b5 20. Nb6 Qe6 21. Qe3 Qxe3 22. Bxe3 Ne4 23. Nd5 Rd7 24.
c5 Rc8 25. c6 Rdc7 26. Bb6 e6 27. Nxc7 Bb2 28. Rc2 Be5 29. Nxa6 Nc3 30. Rxc3 Bxc3 31. Rxd6 Be5 32. Rd8+ Rxd8 33. Bxd8 1-0

[Event "GrandPrix_30.05"]
[Site "Chess.com"]
[Date "2020.05.30"]
[Round "6"]
[White "ValeriyGrinev"]
[Black "Cocolino12"]
[Result "1-0"]
[WhiteElo "2151"]
[BlackElo "2201"]
[TimeControl "600+2"]
[EndTime "10:49:21 PDT"]
[Termination "ValeriyGrinev won by resignation"]

1. c4 c6 2. e4 d5 3. exd5 cxd5 4. d4 Nf6 5. Nc3 Nc6 6. Nf3 Bg4 7. cxd5 Nxd5 8.
Qb3 Bxf3 9. gxf3 e6 10. Qxb7 Nxd4 11. Bb5+ Nxb5 12. Qc6+ Ke7 13. Qc5+ Ke8 14. Qxb5+ Qd7 15. Nxd5 exd5 16. Qd3 Bb4+ 17. Bd2 Bxd2+ 18. Qxd2 f6 19. O-O Kf7 20. Rac1 Rac8 21. Rfd1 Rxc1 22. Rxc1 Rd8 23. Qa5 Kg6 24. Rc7 Qf5 25. Qxa7 Qg5+ 26. Kf1 Kh6 27. Qe3 d4 28. Qxg5+ Kxg5 29. Rxg7+ Kf4 30. Ke2 d3+ 31. Kd2 h5 32. Rf7 Rd6 33. b4 Ra6 34. Kxd3 f5 35. Rh7 Rxa2 36. Rxh5 Rxf2 37. Rh3 Rb2 38. Kc4 Ke3 39. b5 f4 40. Kc5 Kf2 41. b6 Kg2 42.
Rh8 Kxf3 43. h4 Kg4 44. h5 f3 45. h6 Kg5 46. Rf8 Kxh6 47. Rxf3 Kg6 48. Kc6 Rc2+ 49. Kd7 Rd2+ 50. Kc7 Rc2+ 51. Kb8 Kg7 52. b7 Rc1 53. Ra3 Rc2 54. Ka8 Ra2 55. Rxa2 1-0

[Event "GrandPrix_30.05"]
[Site "Chess.com"]
[Date "2020.05.30"]
[Round "6"]
[White "Misterlose0"]
[Black "Haapana"]
[Result "1-0"]
[WhiteElo "2023"]
[BlackElo "2336"]
[TimeControl "600+2"]
[EndTime "10:49:25 PDT"]
[Termination "Misterlose0 won by resignation"]

1. d4 d5 2. c4 e6 3. Nc3 c5 4.
cxd5 exd5 5. Nf3 Nc6 6. g3 Nf6 7. Bg2 Be7 8. O-O O-O 9. dxc5 Bxc5 10. Bg5 d4 11. Bxf6 Qxf6 12. Nd5 Qd8 13. Nd2 a6 14. Rc1 Ba7 15. Ne4 Re8 16. Nc5 Re5 17. Qb3 Na5 18. Qa4 Rxd5 19. Bxd5 Bh3 20. Bg2 Bxg2 21. Kxg2 b5 22.
Qb4 Nc6 23. Qb3 Na5 24. Qf3 Nc4 25. Nb3 Nxb2 26. Rc7 Qe8 27. Rxf7 Nc4 28. Re7 Qd8 29.
Qf7+ 1-0

[Event "GrandPrix_30.05"]
[Site "Chess.com"]
[Date "2020.05.30"]
[Round "6"]
[White "Igor_Lysyj"]
[Black "kotmizer"]
[Result "0-1"]
[WhiteElo "2348"]
[BlackElo "2228"]
[TimeControl "600+2"]
[EndTime "10:49:33 PDT"]
[Termination "kotmizer won by resignation"]

1. d4 Nf6 2. c4 c5 3. d5 e6 4. Nc3 exd5 5. cxd5 d6 6. Nf3 g6 7. Bf4 Bg7 8. h3 O-O 9. e3 Na6 10. Bxa6 bxa6 11. Rc1 Rb8 12. b3 Nh5 13. Bh2 f5 14. O-O f4 15. Re1 fxe3 16. Rxe3 Bh6 17.
Ne4 Bxe3 18. fxe3 Qe7 19. Rc4 Rb6 20. Nfd2 Bb7 21. g4 Ng7 22. Nf3 Qf7 23. Bf4 Bxd5 24. Nfg5 Qb7 25. Nxd6 Qc6 26. Qc2 Rxf4 27. Rxf4 Qxd6 28.
Ne4 Bxe4 29. Qxe4 Ne6 30. Rf3 Kg7 31. h4 Rb4 0-1